 Dungeon Crawl Stone Soup version 0.27-a0-109-g416527ed24 (webtiles) character file.

Game seed: 10922199277009693628

0 dickylongcocking the Grave Robber (level 1, 0/14 HPs)
             Began as a Palentonga Necromancer on Jan 25, 2021.
             Slain by a bat (1 damage)
             ... on level 1 of the Dungeon.
             The game lasted 00:00:09 (26 turns).

dickylongcocking the Grave Robber (PaNe)              Turns: 26, Time: 00:00:09

Health: 0/14       AC:  4    Str: 11    XL:     1   Next: 0%
Magic:  0/3        EV: 10    Int: 15    God:
Gold:   0          SH:  0    Dex: 10    Spells: 3/4 levels left

rFire    . . .     SeeInvis +   (no weapon)
rCold    . . .     Faith    .   (no shield)
rNeg     . . .     Spirit   .   a - +0 robe
rPois    .         Reflect  .   (no helmet)
rElec    .         Harm     .   (no cloak)
rCorr    .         Rampage  .   (no gloves)
Will     .....                  (no barding)
Stlth    +.........             (no amulet)
HPRegen  0.04/turn              (no ring)
MPRegen  0.08/turn              (no ring)

@: no status effects
A: large, rugged brown scales 3, see invisible, deformed body, roll 1, armoured
tail
a: Rolling Charge


You were on level 1 of the Dungeon.
You visited 1 branch of the dungeon, and saw 1 of its levels.

Inventory:

Armour
 a - a +0 robe (worn)


   Skills:
 + Level 1.5 Dodging
 + Level 1.2 Stealth
 + Level 2.0 Spellcasting
 + Level 4.0 Necromancy


You had 3 spell levels left.
You knew the following spells:

 Your Spells              Type           Power        Failure   Level
a - Pain                  Necr           52%          4%          1

Your spell library contained the following spells:

 Spells                   Type           Power        Failure   Level
 Animate Skeleton         Necr           26%          4%          1
 Vampiric Draining        Necr           6%           13%         3
 Animate Dead             Necr           6%           38%         4
 Agony                    Necr           13%          75%         5


Dungeon Overview and Level Annotations

Branches:
Dungeon (1/15)

Altars:


Innate Abilities, Weirdness & Mutations

You are completely covered in rugged brown scales. (AC +3, +7% HP)
You have supernaturally acute eyesight. (SInv)
Armour fits poorly on your strangely shaped body.
You can roll at nearby foes to attack.
You have a long armoured tail.


Message History

There's nothing you can charge at!
Unknown command.
The bat hits you but does no damage.
You aren't carrying any potions.
Unknown command.
The bat hits you.
* * * LOW HITPOINT WARNING * * *
The bat hits you but does no damage. x2; The bat hits you.
* * * LOW HITPOINT WARNING * * *
The bat hits you but does no damage. x2; The bat misses you.
The bat completely misses you. The bat closely misses you.
The bat barely misses you. The bat misses you.
The bat hits you but does no damage.
Found 15 gold pieces.
The bat closely misses you. The bat barely misses you.
The bat hits you but does no damage. x2; The bat barely misses you.
The jackal bites you.
* * * LOW HITPOINT WARNING * * *
The bat hits you.
You die...

.......... ....#.
#........... w.....
...........# .....#
.......... g.....
##.......### (...#
###..........#####w...#
..$.....(...ghh.h.....#
#....bbh..##.##.##..#
#....@b...##.##.h#..##
#.....#########r......
##....# ... ##..#...
....[..♣ #.##♣♣.......
...###.#≈≈♣#.#P≈≈.......
.. ..P≈≈≈≈≈≈≈g≈[.....# .
##..≈≈♣#'#P≈≈......# #.
P≈##.##♣♣...##.. #..<#
#...# ..


You could see 3 jackals, a goblin and 3 bats.

Vanquished Creatures (others)
  A plant (D:1)
1 creature vanquished.

Notes
Turn   | Place    | Note
-------+----------+-------------------------------------------
     0 | D:1      | dickylongcocking the Palentonga Necromancer began the quest
                  | for the Orb.
     0 | D:1      | Reached XP level 1. HP: 14/14 MP: 3/3
    26 | D:1      | Slain by a bat

Illustrated notes

Levels and vault maps discovered:
D:1:      sevenhm_arrival_forest_fort_small_4, layout_rooms

Action                   || total
-------------------------++-------
Melee: Unarmed           ||     1
 Cast: Pain              ||     4
Armor: Robe              ||    16
Dodge: Dodged            ||    26

Table legend: (Time is in decaauts)
 A = Elapsed time spent in this place.
 B = Non-inter-level travel time spent in this place.
 C = Inter-level travel time spent in this place.
 D = Time resting spent in this place.
 E = Time spent auto-exploring this place.
 F = Levels seen in this place.
 G = Mean time per level.
                   A        B        C        D        E       F      G
               +--------+--------+--------+--------+--------+-----+--------+
         Total |     28 |     28 |      0 |      0 |      3 |   1 |   28.0 |
       Dungeon |     28 |     28 |      0 |      0 |      3 |   1 |   28.0 |
               +--------+--------+--------+--------+--------+-----+--------+

Top non-repeatable levels by time:
     D:1: 28 daAuts
